 Dungeon Crawl Stone Soup version 0.15-a0-1206-g3bad1a6 (webtiles) character file.

100 Deemzul the Insei (level 4, -2/31 HPs)
             Began as an Octopode Monk on May 31, 2014.
             Killed from afar by Sigmund (8 damage)
             ... with a magic dart
             ... on Level 2 of the Dungeon.
             The game lasted 00:02:57 (1559 turns).

Deemzul the Insei (Octopode Monk)                   Turns: 1559, Time: 00:02:57

HP  -2/31        AC  1     Str 13      XL: 4   Next: 74%
MP   4/4         EV 13     Int 12      God:
Gold 36          SH  0     Dex 15      Spells:  0 memorised,  3 levels left

rFire  . . .     SeeInvis .       - Unarmed
rCold  . . .     Clarity  .     (no shield)
rNeg   . . .     rCorr    .     (helmet restricted)
rPois  .         rRot     .     (no amulet)
rElec  .         Spirit   .     a - +3 ring of strength
SustAb .         Warding  .     k - ring of regeneration
rMut   .         Stasis   .     (no ring)
Gourm  .                        (no ring)
MR     .....                    (no ring)
                                (no ring)
                                (no ring)
                                (no ring)

@: not resistant to hostile enchantments, fairly stealthy
A: almost no armour, amphibious, 8 rings, constrict 8, camouflage 1, gelatinous
body 1
a: no special abilities


You were on level 2 of the Dungeon.
You were not hungry.

You visited 1 branch of the dungeon, and saw 2 of its levels.

You collected 36 gold pieces.

Inventory:

Comestibles
 b - 2 bread rations
 f - 2 beef jerkies
 m - a chunk of ball python flesh
Scrolls
 c - 2 scrolls of identify {unknown}
 e - a scroll of noise {unknown}
 g - a scroll of enchant weapon II {unknown}
 h - a scroll of enchant armour
 j - a scroll of teleportation
 l - a scroll of amnesia {unknown}
Jewellery
 a - a +3 ring of strength (left tentacle)
 k - a ring of regeneration (right tentacle)
Potions
 d - a potion of curing {unknown}
 i - a potion of resistance {unknown}
 n - a potion of poison {unknown}


   Skills:
 - Level 3.0 Fighting
 - Level 3.0 Dodging
 - Level 2.6 Stealth
 + Level 6.0 Unarmed Combat


You had 3 spell levels left.
You didn't know any spells.

Dungeon Overview and Level Annotations

Branches:
Dungeon (2/15)

Altars:
Xom

Annotations:
D:2 Sigmund


Innate Abilities, Weirdness & Mutations

You cannot wear most types of armour.
You are amphibious.
You can wear up to eight rings at the same time.
You can use your tentacles to constrict many enemies at once.
Your skin changes colour to match your surroundings (Stealth).
Your rubbery body absorbs attacks (AC +1).


Message History

Found 8 gold pieces.
Sigmund casts a spell.
Sigmund flickers and vanishes!
Deactivating autopickup; reactivate with Ctrl-A.
You see here 8 gold pieces.
You now have 36 gold pieces (gained 8).
You swing at nothing.
You swing at nothing.
You swing at nothing.
You swing at nothing.
You swing at nothing.
You swing at nothing.
You tentacle-slap something. Something hits you!
You tentacle-slap something. You closely miss something. You squeeze something.
You hear some strange, mumbled words.
The magic dart hits you!
* * * LOW HITPOINT WARNING * * *
The magic dart hits you!
You die...

. . . ....# #
.#...#####...#
.#...........# #
...#.........##### ##
####...........#...######
..
........................#
.. #...........).......#
.
#.%.#....##.........###.
#......@................
##.......#.#####.#####..
###########.....###.# #.#
..........#.###.#
#.#####.# #...#####....
#..##.{.....###### #...##
.... ##..###..........#
#.>..# .... #.#
##...#####.# ##...# ....
.# ##.#...##.## #...# .
.# #%....##...


There were no monsters in sight!

Vanquished Creatures
  Terence (D:2)
  4 adders (D:2)
  A giant mite (D:2)
  2 worms (D:2)
  2 giant geckos (D:1)
  A ball python (D:2)
  A giant cockroach (D:2)
  4 goblins
  A hobgoblin (D:1)
  5 bats (D:1)
  4 giant newts
  2 jackals (D:1)
  7 kobolds
  4 rats (D:1)
39 creatures vanquished.

Notes
Turn   | Place    | Note
--------------------------------------------------------------
     0 | D:1      | Deemzul, the Octopode Monk, began the quest for the Orb.
     0 | D:1      | Reached XP level 1. HP: 16/16 MP: 1/1
    69 | D:1      | Reached XP level 2. HP: 1/21 MP: 2/2
   809 | D:1      | Reached XP level 3. HP: 22/26 MP: 3/3
   941 | D:2      | Reached skill level 5 in Unarmed Combat
  1227 | D:2      | Reached XP level 4. HP: 23/31 MP: 4/4
  1228 | D:2      | Found a shimmering altar of Xom.
  1326 | D:2      | Noticed Sigmund
  1327 | D:2      | Noticed Terence
  1390 | D:2      | Killed Terence
  1507 | D:2      | Reached skill level 6 in Unarmed Combat
  1559 | D:2      | Killed from afar by Sigmund

Action                   |  1- 3 |  4- 6 || total
-------------------------+-------+-------++-------
Melee: Unarmed           |    69 |    26 ||    95
  Use: Scroll            |       |     2 ||     2
 Stab: Sleeping          |     6 |     3 ||     9
